 Dungeon Crawl Stone Soup version 0.20.1-1-g8b1a95d (webtiles) character file.

49093 vishdafish the Spear-Bearer (level 14, 0/92 HPs)
             Began as a Gargoyle Fighter on July 6, 2017.
             Slain by a five-headed hydra (7 damage)
             ... on level 6 of the Lair of Beasts.
             The game lasted 00:41:00 (22093 turns).

vishdafish the Spear-Bearer (Gargoyle Fighter)     Turns: 22093, Time: 00:41:01

Health: 0/92       AC: 27    Str: 32    XL:     14   Next: 49%
Magic:  19/19      EV:  9    Int:  9    God:
Gold:   854        SH: 19    Dex: 13    Spells: 13/13 levels left

rFire    x . .     SeeInvis .   a - +0 trident
rCold    . . .     Gourm    .   c - +1 shield
rNeg     + . .     Faith    .   J - +0 chain mail "Kyeppul" {+Inv rF- Str+9}
rPois    ∞         Spirit   .   d - +0 helmet
rElec    +         Reflect  .   (no cloak)
rCorr    .         Harm     .   M - +2 pair of gloves
MR       ++...                  (no boots)
Stlth    ..........             (no amulet)
Regen    0.3/turn               (no ring)
MPRegen  0.2/turn               (no ring)

@: flying, hasted, very quick
A: big wings, large bone plates 1, agile 1, magic resistance 1, negative energy
resistance 1, electricity resistance, unbreathing, petrification resistance, rot
immunity, subdued magic 1, AC +9
a: Stop Flying, Evoke Invisibility


You were on level 6 of the Lair of Beasts.
You were not hungry.

You visited 3 branches of the dungeon, and saw 18 of its levels.

You collected 854 gold pieces.

Inventory:

Hand Weapons
 a - a +0 trident (weapon)
Armour
 c - a +1 shield (worn)
 d - a +0 helmet (worn)
 J - the +0 chain mail "Kyeppul" (worn) {+Inv rF- Str+9}
   (You found it on level 2 of the Lair of Beasts)

   It affects your strength (+9).
   It makes you vulnerable to fire.
   It lets you turn invisible.
 M - a +2 pair of gloves (worn)
Jewellery
 G - an uncursed ring of ice
Wands
 b - a wand of flame (26/48)
 k - a wand of flame (24/48)
 v - a wand of enslavement (11/24)
 y - a wand of clouds (6/9)
 C - a wand of random effects (29/48)
 E - a wand of lightning (9/15)
 H - a wand of polymorph (2/24)
 N - a wand of lightning (6/15)
 O - a wand of scattershot (0/9)
Scrolls
 e - 8 scrolls of remove curse
 h - 3 scrolls of noise {unknown}
 n - 4 scrolls of blinking {unknown}
 p - 3 scrolls of random uselessness {unknown}
 q - 2 scrolls of fear {unknown}
 r - a scroll of enchant armour
 s - a scroll of immolation {unknown}
 w - a scroll of magic mapping {unknown}
 z - 3 scrolls of enchant weapon
 A - 4 scrolls of recharging {unknown}
 F - a scroll of holy word {unknown}
 K - 2 scrolls of amnesia {unknown}
 L - 7 scrolls of identify
Potions
 i - 3 potions of cancellation
 m - 2 potions of flight
 o - a potion of might
 t - 3 potions of brilliance
 I - 2 potions of ambrosia
 R - 2 potions of invisibility {unknown}
 T - 2 potions of agility
Books
 l - a book of Cantrips

   Spells                             Type                      Level
   a - Confusing Touch                Hexes                        1
   b - Animate Skeleton               Necromancy                   1
   c - Summon Small Mammal            Summoning                    1
   d - Apportation                    Translocation                1
 D - a book of Misfortune

   Spells                             Type                      Level
   a - Confusing Touch                Hexes                        1
   b - Confuse                        Hexes                        3
   c - Gell's Gravitas                Translocation                3
   d - Petrify                        Transmutation/Earth          4
   e - Metabolic Englaciation         Hexes/Ice                    5
   f - Yara's Violent Unravelling     Hexes/Transmutation          5
Miscellaneous
 S - a lamp of fire (inert)
 W - a lightning rod (3/4)
Comestibles
 f - 3 bread rations
 g - 7 royal jellies
 j - 15 meat rations
 x - a chunk of flesh
 Q - 11 fruits


   Skills:
 + Level 12.0 Fighting
 * Level 13.4 Polearms
 + Level 12.0 Armour
 - Level 1.0 Dodging
 + Level 12.1 Shields
 - Level 7.3 Evocations


You had 13 spell levels left.
You didn't know any spells.

Dungeon Overview and Level Annotations

Branches:
Dungeon (11/15)            Temple (1/1) D:5            Lair (6/6) D:8
 Shoals (0/4) Lair:2       Spider (0/4) Lair:4        Slime (0/5) Lair:6
    Orc (0/2) D:11

Altars:
Ashenzari
Cheibriados
Dithmenos
Elyvilon
Fedhas
Gozag
Hepliaklqana
Kikubaaqudgha
Makhleb
Nemelex Xobeh
Okawaru
Qazlal
Ru
Sif Muna
Trog
Uskayaw
Vehumet
Xom
Yredelemnul
Zin
The Shining One

Shops:
D:5 =   D:6 (   D:7 =   D:10 %

Annotations:
D:11 Snorg
Lair:6 exclusion: 2 oklob plants


Innate Abilities, Weirdness & Mutations

You are resistant to torment.
Your stone body is resilient. (AC +9)
You are immune to poison.
Your large and strong wings let you fly indefinitely.
You resist negative energy. (rN+)
You are resistant to electric shocks. (rElec)
You can survive without breathing.
You are immune to petrification.
You are immune to rotting.
You are partially covered in large bone plates. (SH +4)
You are agile. (Dex +2)
You are resistant to hostile enchantments. (MR+)
Your spells are a little easier to cast, but a little less powerful.


Message History

You block the komodo dragon's attack.
The five-headed hydra bites you but does no damage.
You block the five-headed hydra's attack.
The five-headed hydra bites you but does no damage. x2
The five-headed hydra barely misses you.
You hit the komodo dragon but do no damage.
The komodo dragon is almost dead.
The spiny frog stings you but does no damage.
Unknown command.
You puncture the komodo dragon!
You kill the komodo dragon!
You hit the five-headed hydra.
The five-headed hydra is lightly wounded.
The five-headed hydra bites you.
* * * LOW HITPOINT WARNING * * *
You block the five-headed hydra's attack.
The five-headed hydra bites you but does no damage.
You block the five-headed hydra's attack.
The five-headed hydra bites you!
You die...

≈≈≈≈≈≈≈≈###≈≈≈≈≈≈≈†.÷.P.#
P≈≈≈≈≈≈###≈≈≈≈≈÷≈≈≈≈≈...#
≈≈≈≈####≈≈≈P≈†≈≈≈≈≈≈####
≈≈≈≈≈≈≈#≈≈≈≈≈≈≈..####
≈≈≈P≈≈≈≈≈P≈≈..####
≈P≈≈≈..P≈#######
≈≈≈≈.≈≈†P†≈##≈≈≈
≈≈≈.≈≈≈$$(≈≈.≈≈≈
≈≈≈≈≈≈[$@[≈≈≈≈≈≈
≈≈≈.≈≈??DF≈.P≈≈≈
#####≈≈§†≈.≈≈≈≈≈
###≈≈.≈P≈P≈≈ ≈≈≈≈≈≈≈≈≈≈
≈≈#≈≈≈≈≈≈≈≈ ≈≈≈####≈P≈≈≈
≈≈≈# ≈≈≈≈≈ ≈≈≈# ≈≈≈≈≈


You could see a five-headed hydra and a spiny frog.

Vanquished Creatures
  Kirke (Lair:4)
  Josephine (Lair:6)
  6 hydras
  Erica (Lair:1)
  A catoblepas (Lair:3)
  5 death yaks
  A two-headed ogre (D:9)
  Nergalle (D:11)
  A skeletal warrior (D:10)
  Pikel (D:6)
  A lindwurm (Lair:4)
  Joseph (D:10)
  A merfolk siren (Lair:2)
  5 black mambas
  29 spiny frogs
  A rime drake (Lair:6)
  6 komodo dragons
  A demonic crawler (Lair:4)
  2 hornets (Lair:4)
  21 blink frogs
  Prince Ribbit (D:7)
  4 tyrant leeches (Lair:6)
  12 hippogriffs
  6 dream sheep (Lair:4)
  11 yaks
  Sigmund (D:5)
  A wyvern (D:8)
  3 wraiths
  2 basilisks
  4 hogs
  6 vampire mosquitoes
  A warg (Lair:1)
  Edmund (D:4)
  Duvessa (D:6)
  10 water moccasins
  A hornet zombie (D:10)
  2 orc warriors (D:10)
  8 porcupines
  A necrophage (D:10)
  4 ogres
  3 sky beasts
  A slave (D:6)
  2 ice beasts
  12 wolves
  A centaur (D:9)
  4 phantoms
  30 crocodiles
  25 bullfrogs
  A wyvern skeleton (D:9)
  3 scorpions
  Dowan (D:7)
  8 killer bees
  2 electric eels
  3 howler monkeys
  2 crimson imps
  A bullfrog zombie (D:5)
  2 quasits
  6 orc wizards
  6 hounds
  4 jellies
  2 orc priests (D:8)
  A bullfrog skeleton (D:9)
  Natasha (thrice) (D:3)
  A centaur skeleton (D:9)
  7 iguanas
  14 worker ants
  A hound zombie (D:5)
  2 hound skeletons (D:8)
  Robin (D:2)
  A howler monkey skeleton (D:6)
  9 gnolls
  6 adders
  2 shadow imps
  2 oozes (D:4)
  An adder zombie (D:5)
  An adder skeleton (D:10)
  4 worms
  A dart slug (D:1)
  8 leopard geckos
  38 orcs
  4 giant cockroaches
  9 hobgoblins
  8 jackals
  4 quokkas
  5 ball pythons
  6 bats
  11 frilled lizards
  16 goblins
  A jackal skeleton (D:5)
  A jackal zombie (D:5)
  2 kobolds
  A leopard gecko skeleton (D:4)
  2 quokka zombies
  6 rats
  A plant (Lair:1)
466 creatures vanquished.

Vanquished Creatures (others)
  A slave (D:6)
  An ogre (D:6)
  A centaur (D:6)
  A worker ant (D:6)
  An adder skeleton (D:9)
  4 orcs (D:6)
  3 bushes (Lair:6)
  17 fungi
  96 plants
125 creatures vanquished.

Grand Total: 591 creatures vanquished

Notes
Turn   | Place    | Note
-------+----------+-------------------------------------------
     0 | D:1      | vishdafish the Gargoyle Fighter began the quest for the Orb.
     0 | D:1      | Reached XP level 1. HP: 14/14 MP: 1/1
   205 | D:1      | Reached XP level 2. HP: 19/19 MP: 2/2
   664 | D:2      | Noticed Robin
   679 | D:2      | Reached XP level 3. HP: 18/23 MP: 3/3
   699 | D:2      | Killed Robin
   699 | D:2      | Reached skill level 2 in Polearms
  1087 | D:2      | Reached XP level 4. HP: 29/29 MP: 4/4
  1562 | D:3      | Noticed Natasha
  1581 | D:3      | Killed Natasha
  1697 | D:3      | Noticed Natasha
  1708 | D:3      | Killed Natasha
  1708 | D:3      | Reached XP level 5. HP: 27/33 MP: 5/5
  1813 | D:3      | Found a shimmering altar of Xom.
  1819 | D:3      | Found a shimmering altar of Xom.
  1820 | D:3      | Found a shimmering altar of Xom.
  1820 | D:3      | Found a shimmering altar of Xom.
  1892 | D:3      | HP: 1/33 [gnoll/halberd (13)]
  2182 | D:2      | Reached skill level 3 in Polearms
  2229 | D:2      | Reached skill level 1 in Dodging
  2452 | D:3      | Noticed Natasha
  2457 | D:3      | Killed Natasha
  2457 | D:3      | Reached XP level 6. HP: 36/38 MP: 6/6
  2559 | D:4      | Noticed a phantom
  2770 | D:4      | Killed a phantom
  2846 | D:4      | Reached skill level 4 in Polearms
  2846 | D:4      | Reached skill level 5 in Shields
  2937 | D:4      | Reached XP level 7. HP: 42/44 MP: 7/7
  3155 | D:4      | Reached skill level 5 in Armour
  3497 | D:4      | Reached skill level 5 in Fighting
  3540 | D:4      | Found a sacrificial altar of Ru.
  3558 | D:5      | Entered Level 5 of the Dungeon
  3579 | D:5      | Reached skill level 5 in Polearms
  3655 | D:5      | Reached XP level 8. HP: 32/49 MP: 8/8
  3768 | D:5      | Found a staircase to the Ecumenical Temple.
  3780 | Temple   | Entered the Ecumenical Temple
  3885 | D:5      | Found a glowing silver altar of Zin.
  3949 | D:5      | Noticed Sigmund
  3950 | D:5      | Noticed Edmund
  4007 | D:4      | Killed Edmund
  4075 | D:5      | Killed Sigmund
  4231 | D:5      | Found Sifude's Jewellery Boutique.
  4422 | D:6      | Noticed Pikel
  4440 | D:6      | Killed Pikel
  4440 | D:6      | Reached skill level 6 in Polearms
  4440 | D:6      | Reached XP level 9. HP: 51/55 MP: 9/9
  4545 | D:6      | Reached skill level 7 in Polearms
  4607 | D:6      | Found Nazxoal's Weapon Boutique.
  5188 | D:7      | Noticed Duvessa
  5189 | D:7      | Noticed Dowan
  5278 | D:7      | Killed Dowan
  5306 | D:6      | Killed Duvessa
  5660 | D:7      | Noticed Prince Ribbit
  6189 | D:6      | Reached skill level 8 in Polearms
  6343 | D:7      | Found Cuibezxy's Jewellery Shop.
  6371 | D:7      | Found an ancient bone altar of Kikubaaqudgha.
  6435 | D:7      | Killed Prince Ribbit
  6435 | D:7      | Reached XP level 10. HP: 54/63 MP: 10/10
  6542 | D:7      | Found a burning altar of Makhleb.
  6542 | D:7      | Found a shattered altar of Ashenzari.
  6542 | D:7      | Found an iron altar of Okawaru.
  6794 | D:8      | Found a staircase to the Lair.
  7701 | D:9      | You fall through a shaft for 2 floors!
  7753 | D:11     | Noticed Nergalle
  7768 | D:11     | Killed Nergalle
  7768 | D:11     | Reached skill level 9 in Polearms
  7789 | D:11     | Gained mutation: You are agile. (Dex +2) [potion of mutation]
  7789 | D:11     | Gained mutation: Your spells are a little easier to cast, but a little less powerful. [potion of mutation]
  7789 | D:11     | Gained mutation: You are partially covered in large bone plates. (SH +4) [potion of mutation]
  7791 | D:11     | Gained mutation: You have an increased reservoir of magic. (+10% MP) [mutagenic meat]
  7792 | D:11     | Lost mutation: You have an increased reservoir of magic. (+10% MP) [mutagenic meat]
  7793 | D:11     | Gained mutation: You are resistant to hostile enchantments. (MR+) [mutagenic meat]
  7828 | D:11     | Noticed Snorg
  7842 | D:11     | Found a staircase to the Orcish Mines.
  7861 | D:10     | Entered Level 10 of the Dungeon
  7891 | D:10     | Noticed Joseph
  7892 | D:10     | Found Litas's Food Emporium.
  7912 | D:10     | Killed Joseph
  8124 | D:10     | Found a white marble altar of Elyvilon.
  8318 | D:10     | Reached XP level 11. HP: 48/69 MP: 11/11
  8755 | D:9      | Noticed a two-headed ogre
  8759 | D:9      | Killed a two-headed ogre
  9182 | D:10     | Reached skill level 10 in Polearms
 10444 | D:11     | Noticed a skeletal warrior
 10445 | D:11     | Noticed a death knight
 10445 | D:11     | Noticed a phantasmal warrior
 10445 | D:11     | Noticed a phantasmal warrior
 10477 | D:10     | Killed a skeletal warrior
 10980 | Lair:1   | Entered Level 1 of the Lair of Beasts
 11411 | Lair:1   | Noticed Erica
 11961 | Lair:1   | Killed Erica
 11994 | Lair:1   | Reached skill level 10 in Shields
 12536 | Lair:1   | Reached XP level 12. HP: 77/77 MP: 12/12
 12653 | Lair:1   | Reached skill level 10 in Armour
 12668 | Lair:1   | Reached skill level 11 in Polearms
 12671 | Lair:1   | Reached skill level 10 in Fighting
 13729 | Lair:2   | Noticed an eight-headed hydra
 13738 | Lair:2   | Killed an eight-headed hydra
 13936 | Lair:2   | Got a blackened chain mail
 13947 | Lair:2   | Identified the +0 chain mail "Kyeppul" {+Inv rF- Str+9} (You found it on level 2 of the Lair of Beasts)
 14086 | Lair:2   | Noticed an eight-headed hydra
 14095 | Lair:2   | Killed an eight-headed hydra
 14095 | Lair:2   | Reached skill level 1 in Evocations
 14670 | Lair:2   | Found a staircase to the Shoals.
 15031 | Lair:3   | Noticed a catoblepas
 15053 | Lair:3   | Killed a catoblepas
 16061 | Lair:4   | Reached XP level 13. HP: 66/83 MP: 15/15
 16153 | Lair:4   | Reached skill level 12 in Polearms
 16188 | Lair:4   | Found a hole to the Spider Nest.
 17286 | Lair:4   | Noticed Kirke
 17523 | Lair:4   | Killed Kirke
 17711 | Lair:4   | Reached skill level 5 in Evocations
 19644 | Lair:6   | Entered Level 6 of the Lair of Beasts
 19739 | Lair:6   | Noticed Josephine
 20459 | Lair:5   | Gained mutation: Your large and strong wings let you fly indefinitely. [Gargoyle growth]
 20459 | Lair:5   | Reached XP level 14. HP: 73/90 MP: 18/18
 20556 | Lair:6   | Killed Josephine
 20950 | Lair:5   | Reached skill level 13 in Polearms
 21283 | Lair:6   | Found a staircase to the Slime Pits.
 22093 | Lair:6   | Slain by a five-headed hydra

Skill      XL: |  1  2  3  4  5  6  7  8  9 10 11 12 13 14 |
---------------+-------------------------------------------+-----
Polearms       | 2 3 4 5 6 8 9 10 11 12 13 | 13.4
Shields        | 4 5 6 7 8 10 11 12 | 12.1
Armour         | 4 5 6 7 8 9 10 11 12 | 12.0
Fighting       | 4 5 6 7 8 9 10 11 12 | 12.0
Dodging        | 1 |  1.0
Evocations     | 3 6 7 |  7.3

Action                   |  1- 3 |  4- 6 |  7- 9 | 10-12 | 13-15 || total
-------------------------+-------+-------+-------+-------+-------++-------
Melee: Trident           |   135 |   260 |   606 |  1554 |  1011 ||  3566
 Abil: Evoke Invisibilit |       |       |       |       |     3 ||     3
       Fly               |       |       |       |       |     1 ||     1
Evoke: Wand              |       |       |       |     5 |    12 ||    17
       Lightning rod     |       |       |       |       |     5 ||     5
       Lamp of fire      |       |       |       |       |     2 ||     2
  Use: Potion            |     1 |     1 |     2 |     9 |     4 ||    17
       Scroll            |       |       |       |    10 |     3 ||    13
 Stab: Distracted        |       |       |       |     1 |       ||     1
       Invisible         |       |       |       |       |     1 ||     1
  Eat: Chunk             |       |     7 |     5 |    31 |    13 ||    56
       Bread ration      |       |       |     2 |     1 |     2 ||     5
Armor: Scale mail        |    63 |    94 |   263 |   437 |       ||   857
       Skin              |       |    13 |    11 |       |       ||    24
       Chain mail        |       |       |       |    55 |   440 ||   495
Dodge: Dodged            |    36 |    72 |   137 |   390 |   271 ||   906
Block: Shield            |    72 |   134 |   273 |  1101 |   912 ||  2492
